[Event "Romanian Superliga 2024"]
[Site "Mamaia"]
[Date "2024.10.01"]
[Round "4.14"]
[White "Ogleznev, Alexandr"]
[Black "Motylev, Alexander"]
[Result "1/2-1/2"]
[ECO "B51"]
[WhiteElo "2301"]
[BlackElo "2582"]
[Annotator "TA"]
[PlyCount "180"]
[EventDate "2024.09.26"]
[EventType "team-tourn"]
[EventCountry "ROU"]
[SourceTitle "playchess.com"]
[Source "ChessBase"]
[SourceQuality "1"]
[TimeControl "40/5400+30:1800+30"]

1. e4 c5 2. Nf3 d6 3. Bb5+ Nd7 4. a4 Ngf6 5. Nc3 g6 6. a5 Bg7 7. O-O O-O 8. Re1 {[%emt 0:09:48] White has an edge.} a6 9. Bf1 b5 10. axb6 Nxb6 11. d3 a5 12. Bg5 h6 13. Bd2 a4 14. h3 Bd7 15. Qc1 Kh7 $1 16. Nd1 Ne8 17. c3 e5 18. Nh2 f5 19. f4 exf4 20. Bxf4 fxe4 21. dxe4 Qh4 {[%emt 0:00:22][%csl LRe1,LRf4] Prevents Nf2} 22. g3 Qe7 23. Ne3 $1 {[%emt 0:02:13] Repels Nd5} Qf7 {[%emt 0:10:30] Strongly threatening ...g5.} (23... Qxe4 24. Bg2 Qd3 25. Neg4 $16) 24. h4 {[%emt 0:15:29] [#]} g5 25. hxg5 $11 hxg5 {[%emt 0:00:06] [#]} 26. Nf3 $1 Bh6 {[%emt 0:00:08] [#]} 27. Bxg5 {[%emt 0:03:11] White is more active.} Qxf3 $17 28. Bxh6 Qxg3+ 29. Ng2 Qf2+ 30. Kh1 Rf3 31. Re3 Nf6 $1 {[%emt 0:00:56] aiming for ...Rg8.} (31... Qxf1+ 32. Qxf1 Rxf1+ 33. Rxf1 Kxh6 34. Rg3 $18) 32. Rxf3 Qxf3 $40 {[%emt 0:00:06][%mdl 128] Black goes for the king.} 33. Kg1 Nxe4 (33... Qxe4 $2 {perishes.} 34. Qg5 Rg8 (34... Qg6 $2 35. Bd3 $18) 35. Qxf6 $18) (33... Ng4 $1 $17 34. Qf4 Qh3) 34. Qf4 $15 Qxf4 35. Bxf4 Bc6 36. Rd1 (36. Bd3 $11 {should be considered.}) 36... d5 37. Bd3 Nc4 38. Bxc4 dxc4 39. Ne3 Rf8 40. Bd6 (40. Bc7 $17) 40... Rf6 (40... Rf7 $1 $19 41. Be5 Ng5) 41. Be5 $17 Re6 42. Bf4 {[%emt 0:06:41] [#]} a3 43. bxa3 Nxc3 44. Rd2 Rg6+ (44... Re4 $17 45. Rh2+ Kg8 46. Rg2+ Kf7) 45. Kh2 (45. Kf1 $11 {keeps the balance.}) 45... Ne4 46. Rg2 c3 47. Rxg6 Kxg6 {[%emt 0:00:01][%mdl 4096] Endgame. KBN-KBN} 48. Kg2 {[%emt 0:00:22] [#]} (48. Be5 $17 {was necessary.}) 48... Kf6 $2 ({Black should play} 48... Nd2+ $1 $19 49. Kf2 Be4) 49. Kf3 $11 Ke6 {[%emt 0:00:01] White must now prevent ...Nd2+.} 50. a4 $2 Nd2+ $19 51. Ke2 c4 ({Worse is} 51... Bxa4 52. Kd3 $11) (51... Be4 $1 $19 {And now ...Nb3 would win.} 52. Kd1 Nb3) 52. Nxc4 {[%emt 0:01:23] The position is equal.} Nxc4 53. Kd3 {[%emt 0:00:02][%csl LRc3,LRc4] Wards off Be4+} Nb6 54. Bh6 Nxa4 55. Bg7 Bb5+ (55... Kd6 56. Bxc3 Bb5+ 57. Kd2 $19) 56. Kc2 Kd5 {[%emt 0:00:13] Hoping for ...Kc4.} 57. Bxc3 Nc5 58. Bg7 $1 Ne4 59. Kb3 Kc5 60. Bf8+ Kb6 61. Be7 Be2 62. Kb4 Kc6 63. Bf8 Kd5 64. Bg7 Nc5 65. Bf8 Ne6 66. Bh6 Kd4 67. Bc1 Nc7 68. Bb2+ Kd5 69. Bg7 Bf1 70. Bh6 Bd3 71. Bg7 $1 Bc4 72. Bh6 Kd4 73. Bg7+ Kd3 74. Bh6 Ne6 75. Bc1 Kd4 76. Bb2+ Kd5 77. Bf6 Nc5 78. Bg7 Nd3+ 79. Kc3 Bb5 80. Bf8 Ke4 81. Bg7 Ba6 82. Bf8 Nf4 83. Bh6 Nd5+ 84. Kd2 Bb5 85. Bg7 Ba4 86. Bh6 Ne7 87. Bg7 Nf5 88. Bf6 Ne3 89. Bg7 Bb5 90. Bh6 Nd5 {[%emt 0:00:06] Weighted Error Value: White=0.20 (precise) /Black=0.22 (precise) .  Loses game:     	White=1     	---        Missed win:     	---       	Black=2      Mistake:       	White=5     	Black=5      Inaccurate:     	White=2     	Black=1      OK:         	White=26    	Black=23     Best:        	White=13    	Black=6      Strong:       	White=4     	Black=2} 1/2-1/2

[Event "Romanian Superliga 2024"]
[Site "Mamaia"]
[Date "2024.10.01"]
[Round "4.15"]
[White "Parligras, Mircea-Emilian"]
[Black "Vavric, Pavel"]
[Result "1-0"]
[ECO "E90"]
[WhiteElo "2537"]
[BlackElo "2285"]
[Annotator "TA"]
[PlyCount "115"]
[EventDate "2024.09.26"]
[EventType "team-tourn"]
[EventCountry "ROU"]
[SourceTitle "playchess.com"]
[Source "ChessBase"]
[SourceQuality "1"]
[TimeControl "40/5400+30:1800+30"]

1. d4 Nf6 2. c4 g6 3. Nc3 Bg7 4. e4 d6 5. h3 O-O 6. Be3 Nbd7 7. Nf3 {[%emt 0:02:21] The main line 7.Nf3 scores better than 7.g4.} e5 8. Bd3 {[%emt 0:00:18] E90: King's Indian: Classical: Early deviations and 6 h3.} exd4 9. Nxd4 Nc5 10. O-O Re8 11. f3 b6 $146 ({Predecessor:} 11... Nxd3 12. Qxd3 c6 13. Rad1 Qc7 14. Nde2 Be6 15. b3 Rad8 16. Nf4 Bc8 17. Rd2 Nd7 {½-½ Loncar,R (2397)-Movsziszian,K (2513) Bled Planinc Memorial 1st blitz 2018 (4)}) 12. Bc2 a5 13. Qd2 Bb7 14. Rad1 Nfd7 15. Rfe1 Ne5 16. b3 Nc6 17. Ndb5 Na7 18. Nxa7 Rxa7 19. a3 Ra8 20. Nb5 Ne6 21. Bd3 Rc8 22. Bf1 Be5 23. Nc3 Bg3 24. Bf2 Bxf2+ 25. Qxf2 Qg5 26. Nd5 Nf4 27. Kh2 Nxd5 (27... Bxd5 28. cxd5 Nh5 29. g3 $16) 28. cxd5 f5 (28... Qf6 $14) 29. Bb5 $16 Re7 30. f4 $1 Qf6 31. e5 $1 (31. exf5 $6 Rxe1 32. Qxe1 (32. Rxe1 Qxf5 33. Re7 Qf6 $11) 32... Qxf5 $14) 31... Qg7 $2 (31... dxe5 $2 32. fxe5 (32. Qb2 Qg7 $16) 32... Qf8 (32... Rxe5 $2 33. Qd4 $18) 33. d6 (33. Bc4 Kg7 $18) 33... cxd6 34. exd6 Rxe1 35. Qxe1 $18) (31... Qf8 {was worth a try.} 32. a4 dxe5) 32. exd6 $18 cxd6 33. Re6 (33. Qxb6 Rxe1 34. Rxe1 Qc7 35. Re8+ Kf7 $18) 33... Rc5 $2 (33... g5 34. Rxd6 (34. Qxb6 Rxe6 35. dxe6 gxf4 $11) 34... gxf4 35. Rxb6 (35. Qxf4 Kh8 $18) 35... Re3) 34. Qe2 $2 (34. Rxd6 $18 {has better winning chances. Black must now prevent Rd8+.} Bxd5 (34... Rxb5 $2 35. Rd8+ $18) 35. R1xd5 (35. R6xd5 Rxd5 36. Rxd5 Qf6 $18) 35... Rxd5 36. Bc4 (36. Rxd5 Qf6 $18)) 34... Rxe6 $16 35. dxe6 Qe7 36. b4 axb4 37. axb4 Rc7 38. Rd2 (38. Bc4 $142 $1 {[%cal Od1d6] And now Rxd6! would win.} Rc8 39. Bb3) 38... Be4 $16 39. Bd7 (39. Qe3 $16) 39... d5 $11 40. Qf2 Qd6 (40... Qxb4 41. Rb2 Qd6 (41... Qc5 $2 42. Qh4 $18) 42. Rxb6 $14 (42. Qxb6 Qxf4+ 43. g3 Qf3 44. Qg1 f4 45. g4 Rc1 46. Rb8+ Kg7 47. Qd4+ Kh6 48. g5+ Kh5)) 41. Qh4 (41. Ra2 $5 d4 $8 42. Qh4 $11) 41... Kg7 42. Rf2 Rxd7 $2 (42... Qxb4 43. Qd8 (43. e7 Rc8 $18) 43... Rxd7 44. Qxd7+ Kh6 45. e7 Bd3 46. e8=N (46. e8=R Bb5 47. Qe7 Qxe7 48. Rxe7 Bc4 49. g4 g5 50. fxg5+ Kxg5 51. Rxf5+ Kg6) 46... Qf8 47. Qd8 (47. Qxd5 Qxe8 48. Qxd3 Qb8 $18) (47. Qxd5 Qxe8 48. Qxd3 Qe1 $18)) (42... Rc2 $1 $11 {and Black is okay.}) 43. exd7 $18 Qxd7 44. Rd2 Qc7 45. Qg3 Kf7 (45... Kf8 $16 46. b5 Ke8) 46. h4 $1 $18 h6 47. Kh3 (47. Rd1 $18) 47... Qc4 48. Qa3 g5 $2 (48... Qc7 $16) 49. hxg5 ({Less strong is} 49. fxg5 hxg5 50. hxg5 Qc7 $18) (49. Qa7+ $142 Ke6 50. Qxb6+ (50. hxg5 Qc3+ 51. g3 Qxd2 $11) 50... Kf7 51. Qa7+ (51. Qxh6 $2 Qc3+ 52. Kh2 Qxd2 $19) 51... Kf8 52. Ra2 (52. fxg5 Qc3+ 53. g3 Qxd2 $11) 52... Bxg2+ 53. Rxg2 g4+ 54. Kg3 Qd3+ 55. Kh2) 49... hxg5 50. fxg5 Kg6 (50... Qc7 $142 51. Ra2 Kg6) 51. Qb2 Kh5 {[%emt 0:03:44] [#]} (51... Qc6 $142 52. Kh4 Qd6) 52. Qh8+ $1 $18 Kxg5 53. Qg7+ Kh5 {[%emt 0:00:02] [#]} 54. Rf2 (54. g4+ $1 $18 fxg4+ 55. Qxg4+ Kh6 56. Qe6+ Kg5 57. Qe5+ (57. Qxb6 $2 {is a self mate.} Qf1+ 58. Kh2 Qh1+ 59. Kg3 Qh4#) 57... Bf5+ 58. Kh2 Qf4+ 59. Qxf4+ Kxf4 60. Rxd5) 54... Qd3+ 55. Kh2 Qe3 56. Qf7+ Kg5 57. Qe7+ ({Better is} 57. Rf1 $16) 57... Kh5 $2 (57... Kg4 $11) 58. Rf3 1-0

[Event "Romanian Superliga 2024"]
[Site "Mamaia"]
[Date "2024.10.01"]
[Round "4.16"]
[White "Sachilaru, Alexandru"]
[Black "Gavrilescu, David"]
[Result "1-0"]
[ECO "B45"]
[WhiteElo "2265"]
[BlackElo "2547"]
[Annotator "TA"]
[PlyCount "73"]
[EventDate "2024.09.26"]
[EventType "team-tourn"]
[EventCountry "ROU"]
[SourceTitle "playchess.com"]
[Source "ChessBase"]
[SourceQuality "1"]
[TimeControl "40/5400+30:1800+30"]

1. e4 c5 2. Nf3 e6 3. d4 cxd4 4. Nxd4 Nf6 5. Nc3 Nc6 6. Ndb5 Bc5 7. Nd6+ Ke7 8. Bf4 {[%emt 0:00:38] Black should prevent Bc4.} e5 $1 9. Nf5+ {[%emt 0:00:11] The position is equal.} Kf8 10. Bg5 d6 11. Ne3 Be6 12. Qd2 h6 13. Bxf6 Qxf6 14. Ncd5 Qd8 15. c3 a6 16. Be2 Rc8 17. O-O h5 18. Kh1 Rh6 19. f4 Bxe3 20. Nxe3 exf4 21. Rxf4 Ne5 22. Rd1 Rc6 23. Nf5 Bxf5 24. Rxf5 Qh4 25. Qe3 Kg8 (25... Ng4 $11 {was preferrable.} 26. Qf4 Rf6 27. Bxg4 Qxg4 28. Qxg4 hxg4) 26. g3 {White is more active.} (26. h3 $14) 26... Qh3 (26... Ng4 $11 27. Bxg4 Qxg4) 27. Qf4 h4 (27... Rb6 $14 28. Rd2 f6) 28. g4 $1 $16 {And now Rxe5 would win.} Rb6 $2 {[%emt 0:00:30][%mdl 8192] Black cannot hold the game after this.} (28... Rf6 $16) 29. Rxe5 $18 dxe5 30. Rd8+ Kh7 {[%emt 0:00:30] [#]} 31. Qf5+ Rhg6 {[%emt 0:00:30] [#] Strongly threatening ...Rbf6.} 32. Rd3 $1 ({Stronger than} 32. Qxf7 Rxb2 33. Qg8+ Kh6 34. Qh8+ Kg5 $11) 32... Qxd3 33. Bxd3 Rxb2 34. g5 {[%cal Bg4g5,Bg5g6][%mdl 32] White threatens Bc4 and mate.} Kh8 35. Bc4 Rd6 36. Bd5 (36. Qxe5 $2 {leads to mate.} Rd1+) 36... f6 37. g6 {Weighted Error Value: White=0.10 (very precise) /Black=0.48.  Loses game:     	---       	Black=1      Mistake:       	White=1     	Black=3      Inaccurate:     	White=3     	Black=4      OK:         	White=9     	Black=8      Best:        	White=3     	Black=4      Strong:       	White=2     	Black=1} 1-0

[Event "Romanian Superliga 2024"]
[Site "Mamaia"]
[Date "2024.10.01"]
[Round "4.17"]
[White "Costachi, Mihnea"]
[Black "Patrascu, Catalin-Lucian"]
[Result "1/2-1/2"]
[ECO "E11"]
[WhiteElo "2472"]
[BlackElo "2298"]
[Annotator "TA"]
[PlyCount "41"]
[EventDate "2024.09.26"]
[EventType "team-tourn"]
[EventCountry "ROU"]
[SourceTitle "playchess.com"]
[Source "ChessBase"]
[SourceQuality "1"]
[TimeControl "40/5400+30:1800+30"]

1. d4 Nf6 2. Nf3 e6 3. c4 d5 4. g3 Bb4+ 5. Bd2 Be7 6. Bg2 O-O 7. Qc2 c6 8. O-O b6 9. Rd1 Nbd7 10. b3 Ne4 11. Bf4 g5 12. cxd5 cxd5 {[%emt 0:05:58] Black has an edge.} 13. Bc7 Qe8 14. Nfd2 Bb7 {[%emt 0:29:49] ...Rc8 is the strong threat.} 15. Nxe4 dxe4 16. Bxe4 (16. Nc3 $1 $15 Rc8 (16... f5 17. d5 $11) 17. Nb5 (17. Nxe4 Bd5 $17)) 16... Bxe4 $17 17. Qxe4 {[%emt 0:00:02] [#]} Nf6 $1 18. Qe5 Ng4 {[%emt 0:00:45][%mdl 1024] Black has strong compensation.} 19. Qe4 Nf6 20. Qe5 {[%emt 0:00:31] [#]} Ng4 ({Better is} 20... h6 $1 $17 {And now ...Rc8 would win.} 21. g4 Rc8 (21... Nxg4 22. Qg3 $15)) 21. Qe4 {[%emt 0:00:13] Weighted Error Value: White=0.15 (very precise) /Black=0.26 (precise) .  Mistake:       	White=1     	Black=1      Inaccurate:     	White=1     	---        OK:         	White=4     	Black=5      Best:        	White=2     	---} 1/2-1/2

[Event "Romanian Superliga 2024"]
[Site "Mamaia"]
[Date "2024.10.01"]
[Round "4.18"]
[White "Andronescu, Madalin"]
[Black "Tudor, Henry Edward"]
[Result "0-1"]
[ECO "B40"]
[WhiteElo "1982"]
[BlackElo "2347"]
[Annotator "RC"]
[PlyCount "64"]
[EventDate "2024.09.26"]
[EventType "team-tourn"]
[EventCountry "ROU"]
[SourceTitle "playchess.com"]
[Source "ChessBase"]
[SourceQuality "1"]
[TimeControl "40/5400+30:1800+30"]

1. e4 c5 2. Nf3 e6 3. d4 cxd4 4. Nxd4 Nf6 5. Nc3 Nc6 6. Nxc6 bxc6 7. Bd3 d5 8. O-O Be7 9. e5 Nd7 10. f4 O-O 11. Na4 f6 12. exf6 Nxf6 13. b3 c5 14. Ba3 Qc7 15. Qe1 Bd7 16. Rd1 Bd6 17. Kh1 Rae8 18. Qh4 Be7 19. Bb2 d4 20. c3 Bxa4 21. bxa4 c4 22. Be2 d3 23. Bg4 Qc6 24. Rde1 Bc5 25. f5 e5 26. Bc1 e4 27. Bg5 e3 28. Bf3 Qxa4 29. Bxf6 Rxf6 30. Bd5+ Kh8 31. Qxc4 Qxc4 32. Bxc4 e2 0-1

[Event "Romanian Superliga 2024"]
[Site "Mamaia"]
[Date "2024.10.01"]
[Round "4.19"]
[White "Pranav Vijay"]
[Black "Kantor, Gergely"]
[Result "0-1"]
[ECO "C58"]
[WhiteElo "2252"]
[BlackElo "2537"]
[Annotator "RC"]
[PlyCount "98"]
[EventDate "2024.09.26"]
[EventType "team-tourn"]
[EventCountry "ROU"]
[SourceTitle "playchess.com"]
[Source "ChessBase"]
[SourceQuality "1"]
[TimeControl "40/5400+30:1800+30"]

1. e4 e5 2. Nf3 Nc6 3. Bc4 Nf6 4. Ng5 d5 5. exd5 Na5 6. Bb5+ c6 7. dxc6 bxc6 8. Bd3 Nd5 9. Nf3 Bd6 10. O-O O-O 11. Re1 f5 12. Nxe5 Qf6 13. Nf3 g5 14. c4 Nf4 15. Bf1 g4 16. d4 gxf3 17. Qxf3 Ne6 18. Qc3 Nxd4 19. c5 Be5 20. Qxa5 f4 21. Nd2 Bg4 22. Kh1 Rae8 23. Qc3 f3 24. Re4 Qg7 25. g3 Ne2 26. Qe3 Kh8 27. Nc4 Bd4 28. Rxe8 Bxe3 29. Rxf8+ Qxf8 30. Bxe3 Be6 31. Ne5 Qf6 32. Nxc6 Qxb2 33. Rd1 Qc2 34. Re1 Qc3 35. Rb1 Bd5 36. Nxa7 Be4 37. Rd1 Bc2 38. Nb5 Qa5 39. c6 Qxb5 40. c7 Bf5 41. h4 Qc6 42. Kh2 Qxc7 43. Rd5 Be6 44. Rd3 Qc2 45. Rd8+ Kg7 46. Bh3 Bxh3 47. Kxh3 Qf5+ 48. g4 Qb1 49. g5 Qf5+ 0-1

[Event "Romanian Superliga 2024"]
[Site "Mamaia"]
[Date "2024.10.01"]
[Round "4.21"]
[White "Grigore, George-Gabriel"]
[Black "Anton, Teodor"]
[Result "1/2-1/2"]
[ECO "E32"]
[WhiteElo "2414"]
[BlackElo "2427"]
[Annotator "RC"]
[PlyCount "82"]
[EventDate "2024.09.26"]
[EventType "team-tourn"]
[EventCountry "ROU"]
[SourceTitle "playchess.com"]
[Source "ChessBase"]
[SourceQuality "1"]
[TimeControl "40/5400+30:1800+30"]

1. d4 Nf6 2. c4 e6 3. Nc3 Bb4 4. Qc2 O-O 5. a3 Bxc3+ 6. Qxc3 b6 7. Bg5 Bb7 8. e3 d6 9. Ne2 Nbd7 10. Qc2 h6 11. Bh4 c5 12. Rd1 Qe7 13. Nc3 cxd4 14. Rxd4 Rac8 15. Nb5 d5 16. Nxa7 Ra8 17. Nb5 Rfc8 18. Be2 Bc6 19. Nc3 dxc4 20. O-O b5 21. e4 e5 22. Rdd1 g5 23. Bg3 Nc5 24. f3 Nb3 25. Bf2 Rd8 26. Rxd8+ Rxd8 27. Rd1 Nd4 28. Qc1 Nh5 29. Bf1 Nf4 30. Kh1 Qf6 31. Be3 Nfe6 32. a4 Nb3 33. Qb1 bxa4 34. Bxc4 Ned4 35. Qd3 Nc5 36. Qf1 Rb8 37. Qf2 Nce6 38. h3 Nf4 39. Rd2 Rb4 40. Ba2 h5 41. Qg3 h4 1/2-1/2

[Event "Romanian Superliga 2024"]
[Site "Mamaia"]
[Date "2024.10.01"]
[Round "4.22"]
[White "Musat, Adrian"]
[Black "Istratescu, Andrei"]
[Result "1/2-1/2"]
[ECO "B22"]
[WhiteElo "2358"]
[BlackElo "2370"]
[Annotator "RC"]
[PlyCount "32"]
[EventDate "2024.09.26"]
[EventType "team-tourn"]
[EventCountry "ROU"]
[SourceTitle "playchess.com"]
[Source "ChessBase"]
[SourceQuality "1"]
[TimeControl "40/5400+30:1800+30"]

1. e4 c5 2. c3 Nf6 3. e5 Nd5 4. Nf3 Nc6 5. Bc4 e6 6. d4 cxd4 7. cxd4 d6 8. O-O Be7 9. Qe2 O-O 10. Nc3 Nxc3 11. bxc3 dxe5 12. dxe5 Qc7 13. Bd3 b6 14. Re1 Bb7 15. Ng5 Bxg5 16. Bxg5 Nxe5 1/2-1/2

[Event "Romanian Superliga 2024"]
[Site "Mamaia"]
[Date "2024.10.01"]
[Round "4.23"]
[White "Stepanencu, Nicodim-Cosmin"]
[Black "Vajda, Albert"]
[Result "1/2-1/2"]
[ECO "E44"]
[WhiteElo "2296"]
[BlackElo "2279"]
[Annotator "RC"]
[PlyCount "80"]
[EventDate "2024.09.26"]
[EventType "team-tourn"]
[EventCountry "ROU"]
[SourceTitle "playchess.com"]
[Source "ChessBase"]
[SourceQuality "1"]
[TimeControl "40/5400+30:1800+30"]

1. d4 Nf6 2. c4 e6 3. Nc3 Bb4 4. e3 b6 5. Nge2 Ne4 6. Bd2 Nxd2 7. Qxd2 O-O 8. a3 Bxc3 9. Nxc3 d6 10. Bd3 Bb7 11. Qc2 Qh4 12. g3 Qh6 13. Be4 Bxe4 14. Qxe4 c6 15. d5 cxd5 16. cxd5 Nd7 17. O-O e5 18. Qf5 Rad8 19. f4 exf4 20. exf4 Qf6 21. Qxf6 Nxf6 22. Nb5 Rd7 23. Rac1 Nxd5 24. Rfd1 Ne7 25. Rxd6 Rfd8 26. Rxd7 Rxd7 27. Rc7 Rxc7 28. Nxc7 Kf8 29. Kf2 Nc8 30. Ke3 Ke7 31. Ke4 Kd7 32. Nb5 Kc6 33. Nd4+ Kd7 34. g4 a6 35. h4 Nd6+ 36. Kd5 Ne8 37. g5 Nc7+ 38. Ke5 Ne8 39. Kd5 Nc7+ 40. Ke5 Ne8 1/2-1/2

[Event "Romanian Superliga 2024"]
[Site "Mamaia"]
[Date "2024.10.01"]
[Round "4.24"]
[White "Corbu, George-Alexandru"]
[Black "Szabo, Attila"]
[Result "1/2-1/2"]
[ECO "A67"]
[WhiteElo "2039"]
[BlackElo "2137"]
[Annotator "RC"]
[PlyCount "49"]
[EventDate "2024.09.26"]
[EventType "team-tourn"]
[EventCountry "ROU"]
[SourceTitle "playchess.com"]
[Source "ChessBase"]
[SourceQuality "1"]
[TimeControl "40/5400+30:1800+30"]

1. d4 Nf6 2. c4 c5 3. d5 e6 4. Nc3 exd5 5. cxd5 d6 6. e4 g6 7. f4 Bg7 8. Bb5+ Nfd7 9. Nf3 O-O 10. O-O a6 11. Bd3 b5 12. f5 Ne5 13. Nxe5 Bxe5 14. Qf3 Nd7 15. Ne2 Bg7 16. Bc2 Qe7 17. Rb1 Bb7 18. Ng3 Rac8 19. Qg4 c4 20. Bg5 Bf6 21. Bh6 Ne5 22. Bxf8 Nxg4 23. Bxe7 Bxe7 24. Bd1 Ne5 25. Rc1 1/2-1/2

[Event "Romanian Superliga 2024"]
[Site "Mamaia"]
[Date "2024.10.01"]
[Round "4.25"]
[White "Kozak, Adam"]
[Black "Theodorou, Nikolas"]
[Result "1/2-1/2"]
[ECO "A31"]
[WhiteElo "2609"]
[BlackElo "2619"]
[Annotator "TA"]
[PlyCount "99"]
[EventDate "2024.09.26"]
[EventType "team-tourn"]
[EventCountry "ROU"]
[SourceTitle "playchess.com"]
[Source "ChessBase"]
[SourceQuality "1"]
[TimeControl "40/5400+30:1800+30"]

1. d4 Nf6 2. c4 c5 3. Nf3 cxd4 4. Nxd4 e5 5. Nb5 d5 6. cxd5 Bc5 7. e3 O-O 8. N5c3 Bf5 9. Be2 (9. a3 $5) 9... Nbd7 10. Nd2 Bb4 11. O-O Bxc3 12. bxc3 Nxd5 13. Bb2 {[%emt 0:02:01] [#] Schwarz muss nun e4 beachten.} Nc5 ({Vorzuziehen ist} 13... Qb6 $11 14. Nb3 N5f6) 14. c4 $14 Nb4 15. Bxe5 {[%emt 0:02:10] Ein starkes Läuferpaar.} Bc2 {[%emt 0:00:45] Pariert Nb3.} 16. Qc1 {[%emt 0:00:16] Und Bc3 würde nun gewinnen.} Bd3 17. Bxd3 Nbxd3 18. Qa3 Nxe5 19. Qxc5 Qxd2 20. Qxe5 Rfd8 21. Qb5 b6 22. Qa4 g6 23. h3 Rdc8 24. Rfd1 Qb2 25. Rab1 Qf6 26. Rd7 Kg7 27. Rd4 {[%emt 0:06:26] Weiß hat aktiveres Spiel.} ({Bloß nicht} 27. Rxa7 Rxa7 28. Qxa7 Rxc4) 27... Rc7 28. Rbd1 Rac8 29. Rf4 Qe7 30. Rdd4 Rd8 31. Rfe4 Qf6 (31... Qg5 $142) 32. Rxd8 (32. Qc2 $142) 32... Qxd8 $16 {[%emt 0:00:03][%mdl 4096] Endspiel. KQR-KQR} 33. Rd4 Qe7 34. g4 h5 35. Qb3 hxg4 36. hxg4 ({Ein No Go ist} 36. Rxg4 $6 Qe6 $11) 36... Qf6 37. Qd3 Rc8 38. Qe4 Rc5 39. Rd5 Rc8 40. Kg2 Qc6 41. Qd4+ $1 Kh7 42. g5 (42. Kg3 $16) 42... Qxc4 $11 {[%emt 0:02:30] Die Stellung ist ausgeglichen.} 43. Qxc4 Rxc4 {[%emt 0:00:04] KR-KR} 44. Rd7 Kg7 45. Rxa7 Rg4+ 46. Kf3 Rxg5 47. a4 b5 48. a5 b4 49. Ke2 b3 50. Rb7 {[%emt 0:02:06] Wehrt Rb5 ab.   Gewichteter Fehlerwert: Weiß=0.10 (sehr präzise) /Schwarz=0.11 (sehr präzise) .  Fehler:       	Weiß=2     	Schwarz=2     Ungenau:       	---       	Schwarz=3     OK:         	Weiß=15    	Schwarz=16    Bester:       	Weiß=1     	Schwarz=4     Stark:        	Weiß=1     	---} 1/2-1/2

[Event "Romanian Superliga 2024"]
[Site "Mamaia"]
[Date "2024.10.01"]
[Round "4.26"]
[White "Kourkoulos-Arditis, Stamatis"]
[Black "Tarlev, Konstantin"]
[Result "1-0"]
[ECO "C95"]
[WhiteElo "2570"]
[BlackElo "2579"]
[Annotator "TA"]
[PlyCount "89"]
[EventDate "2024.09.26"]
[EventType "team-tourn"]
[EventCountry "ROU"]
[SourceTitle "playchess.com"]
[Source "ChessBase"]
[SourceQuality "1"]
[TimeControl "40/5400+30:1800+30"]

1. e4 e5 2. Nf3 Nc6 3. Bb5 a6 4. Ba4 Nf6 5. O-O Be7 6. Re1 b5 7. Bb3 d6 8. c3 O-O 9. h3 Nb8 10. d4 Nbd7 11. Nbd2 Bb7 12. Bc2 Re8 13. Nf1 Bf8 14. Ng3 g6 15. b3 c6 16. Bg5 Bg7 17. Qd2 Nf8 18. Rad1 {[%emt 0:06:06] White is slightly better.} Qc7 19. Bh6 Ne6 20. b4 Rad8 (20... Bc8 $11) 21. Bb3 $16 {[%emt 0:06:07] Black must now prevent Bxe6.} Bc8 22. Bxe6 (22. Qe3 {is interesting.} a5 23. dxe5 dxe5 24. Rxd8 Nxd8 25. bxa5 c5 26. Bxg7 Kxg7 27. Bd5) 22... Bxe6 23. Qg5 Bc8 24. Bxg7 Kxg7 25. dxe5 {[%emt 0:00:06] White is more active.} dxe5 26. Rxd8 Rxd8 27. Qxe5 (27. Nxe5 h6 28. Qf4 g5 29. Nf5+ Kh7 $11) 27... Qxe5 28. Nxe5 Rd2 29. Nxc6 Rxa2 30. f3 Be6 31. Ne2 Bc4 32. Kf2 Nd7 {[%emt 0:05:49] Inhibits Ne5.} 33. Ke3 Nb6 34. Nf4 (34. h4 $16) 34... Rc2 35. Ra1 {[%emt 0:00:31] [#] Nd4 would now be deadly.} Na4 (35... g5 $1 $11 {keeps the balance.} 36. Nd3 (36. Nh5+ Kg6 $16) 36... Na4 (36... Rxc3 37. Nce5 $11)) 36. Ra3 Nxc3 (36... Rxc3+ 37. Rxc3 Nxc3 38. Kd4 Ne2+ 39. Nxe2 Bxe2 40. h4 $16) (36... g5 $14 37. Nh5+ Kg6) 37. Rxa6 Nd1+ (37... Ne2 $142) 38. Kd4 Rd2+ 39. Kc5 Ne3 (39... Rc2 $16 40. Nd4 Rc1) 40. g4 Bf1 (40... Rc2 {was necessary.} 41. Ne5 h6) 41. g5 h6 (41... Rc2+ $142 42. Kd4 Ng2) 42. h4 hxg5 43. hxg5 Rf2 44. Nd4 Bc4 (44... Rd2 $142 45. Ra7 (45. Nxb5 Rc2+ 46. Kd4 Bxb5 $16) 45... Nc2) 45. Nd5 {[%emt 0:00:00] Weighted Error Value: White=0.14 (very precise) /Black=0.40.  Mistake:       	White=1     	Black=8      Inaccurate:     	White=3     	Black=4      OK:         	White=10    	Black=5      Best:        	White=5     	---} ({Weaker is} 45. Nxb5 Bxb5 46. Kxb5 Nc2 $18) 1-0